 Dungeon Crawl Stone Soup version 0.17-a0-1979-g1c74939 (webtiles) character file.

38 Shim the Grasshopper (level 3, -2/24 HPs)
             Began as a High Elf Warper on Oct 5, 2015.
             Killed from afar by Natasha (7 damage)
             ... with a wand of frost
             ... on level 2 of the Dungeon.
             The game lasted 00:13:20 (3233 turns).

Shim the Grasshopper (High Elf Warper)              Turns: 3233, Time: 00:13:20

Health: -2/24      AC:  3    Str: 10    XL:     3   Next: 25%
Magic:  4/8        EV: 12    Int: 16    God:
Gold:   25         SH:  0    Dex: 16    Spells: 3 memorised, 2 levels left

rFire  . . .     SeeInvis .     a - +0 short sword
rCold  . . .     Clarity  .     b - +0 leather armour
rNeg   + . .     SustAt   .     (no shield)
rPois  .         Gourm    .     (no helmet)
rElec  .         Spirit   .     (no cloak)
rCorr  .         Warding  +     (no gloves)
rMut   .         Stasis   .     (no boots)
MR     .....                    l - amulet of warding
Stlth  +.........               (no ring)
                                (no ring)

@: not resistant to hostile enchantments, very unstealthy
A: no striking features
a: no special abilities


You were on level 2 of the Dungeon.
You were not hungry.

You visited 1 branch of the dungeon, and saw 3 of its levels.

You collected 25 gold pieces.

Inventory:

Hand Weapons
 a - a +0 short sword (weapon)
Missiles
 e - 4 tomahawks of dispersal (quivered)
 i - 33 arrows
 j - 7 poisoned needles
 n - 10 arrows of frost
Armour
 b - a +0 leather armour (worn)
Jewellery
 l - an amulet of warding (around neck)
Scrolls
 d - a scroll of blinking
 h - a scroll of random uselessness {unknown}
 k - 2 scrolls of enchant armour {unknown}
 o - a scroll of teleportation {unknown}
 p - a scroll of enchant weapon {unknown}
 r - 2 scrolls of identify {unknown}
Potions
 g - a potion of might
Books
 c - a book of Spatial Translocations

   Spells                             Type                      Level
   a - Apportation                    Translocation                1
   b - Blink                          Translocation                2
   c - Shroud of Golubria             Charms/Translocation         2
   d - Portal Projectile              Translocation                3
   e - Teleport Other                 Translocation                3
   f - Passage of Golubria            Translocation                4
Comestibles
 f - 5 bread rations


   Skills:
 + Level 2.2 Fighting
 + Level 2.7 Short Blades
 + Level 1.1 Throwing
 + Level 1.1 Armour
 + Level 2.4 Dodging
 + Level 0.2 Stealth
 + Level 2.7 Spellcasting
 + Level 4.0 Translocations


You had 2 spell levels left.
You knew the following spells:

 Your Spells              Type           Power        Failure   Level  Hunger
a - Apportation           Tloc           ##........   6%          1    #......
b - Blink                 Tloc           N/A          10%         2    ##.....
c - Shroud of Golubria    Chrm/Tloc      #.........   21%         2    ##.....


Dungeon Overview and Level Annotations

Branches:
Dungeon (3/15)

Altars:
Sif Muna

Annotations:
D:2 Natasha


Message History

Your shroud begins to fray at the edges.
You start resting.
Your shroud unravels.
You start resting.
Magic restored.
You start resting.
Natasha is nearby!
Natasha hisses angrily.
Natasha stares at you and mumbles some strange words.
The magic dart hits you!
Casting: Shroud of Golubria
Confirm with . or Enter, or press ? or * to list all spells.
You blink.
Natasha zaps a wand.
The puff of frost hits you!
Casting: Blink
Confirm with . or Enter, or press ? or * to list all spells.
You blink.
Natasha zaps a wand.
The puff of frost hits you!
* * * LOW HITPOINT WARNING * * *
You hit Natasha but do no damage. The bat completely misses you.
Natasha zaps a wand.
The puff of frost hits you!
You die...

..........# #.# .....######
###+### .....#...# #.....#.......
.....#.#.# #.....#........
.....#.#.# #.....#........
....##.#.#####.....#......#
....##w#...........'......#
.#####.#######.....#......#
.#####§#.....#.h@.........##. #.
....##.#.§..§..##.b........... #.
....########.####..#...........#.
....########.####..##..........#.
_......................###..[....
..####.................# #.......
.## ##.............#### #......>
.# ######.#......# #......# .#
#####...#......# ##'###.#


You could see Natasha and a bat.

Vanquished Creatures
  A worm (D:2)
  A giant gecko (D:1)
  7 bats
  2 giant cockroaches (D:1)
  6 goblins
  5 hobgoblins (D:1)
  2 giant newts (D:1)
  2 jackals (D:2)
  A kobold (D:1)
  6 rats
33 creatures vanquished.

Notes
Turn   | Place    | Note
--------------------------------------------------------------
     0 | D:1      | Shim the High Elf Warper began the quest for the Orb.
     0 | D:1      | Reached XP level 1. HP: 14/14 MP: 4/4
   632 | D:1      | Reached XP level 2. HP: 17/19 MP: 6/6
   992 | D:1      | Reached skill level 1 in Armour
  1671 | D:1      | Learned a level 2 spell: Blink
  2043 | D:2      | Reached XP level 3. HP: 13/24 MP: 7/7
  2066 | D:2      | Learned a level 2 spell: Shroud of Golubria
  2520 | D:2      | Found a deep blue altar of Sif Muna.
  2734 | D:2      | HP: 1/24 [goblin/dagger (3)]
  2883 | D:1      | Reached skill level 4 in Translocations
  3048 | D:2      | Noticed Natasha
  3103 | D:2      | HP: 1/24 [poisoned by an adder]
  3233 | D:2      | Killed from afar by Natasha

Vault maps used:
D:1:      lightli_arrival_chessboard
D:2:      nicolae_overflow_crystal_walls, nicolae_ru_the_path_less_chosen,
          uniq_natasha
D:3:      grunt_temple_overflow_forces_of_nature, overflow_temple_1_default,
          evilmike_ruin_ashenzari, first_bread, uniq_grinder

Action                   || total
-------------------------++-------
Melee: Short sword       ||   164
Throw: Tomahawk          ||     1
 Cast: Blink             ||    13
       Shroud of Golubri ||     7
  Use: Potion            ||     2
 Stab: Sleeping          ||     2
  Eat: Chunk             ||     4
       Bread ration      ||     1
